 Dungeon Crawl Stone Soup version 0.23.2-40-g277498a001 (webtiles) character file.

Game seed: 2500216884486965347

10398 DildoBatman the Dealer of Despair (level 11, 0/68 HPs)
             Began as a Formicid Wizard on Sept 20, 2019.
             Was an Elder of Kikubaaqudgha.
             Slain by an orc warrior
             ... wielding a +0 short sword
              (20 damage)
             ... on level 2 of the Orcish Mines.
             The game lasted 00:46:45 (10859 turns).

DildoBatman the Dealer of Despair (FoWz)           Turns: 10859, Time: 00:46:46

Health: 0/68       AC:  6    Str: 13    XL:     11   Next: 92%
Magic:  1/23       EV: 12    Int: 20    God:    Kikubaaqudgha [****..]
Gold:   868        SH:  0    Dex: 13    Spells: 1/26 levels left

rFire    . . .     SeeInvis +   a - +4 scimitar (flame)
rCold    . . .     Gourm    .   (no shield)
rNeg     . . .     Faith    +   u - +0 steam dragon scales
rPois    +         Spirit   .   (helmet unavailable)
rElec    .         Reflect  .   (no cloak)
rCorr    .         Harm     .   r - +0 pair of gloves
MR       +....                  (no boots)
Stlth    ++........             h - amulet of faith
HPRegen  0.21/turn              d - +4 ring of dexterity
MPRegen  0.18/turn              m - +2 ring of intelligence

@: very slightly contaminated
A: permanent stasis, dig shafts and tunnels, four strong arms, antennae 3, dopey
1, poison resistance
a: Dig, Shaft Self, Receive Corpses, Renounce Religion


You were on level 2 of the Orcish Mines.
You worshipped Kikubaaqudgha.
Kikubaaqudgha was greatly pleased with you.
You were not hungry.

You visited 3 branches of the dungeon, and saw 14 of its levels.

You collected 882 gold pieces.
You spent 14 gold pieces at shops.

Inventory:

Hand Weapons
 a - a +4 scimitar of flaming (weapon)
 b - a +0 trident
 D - a +0 shortbow
Missiles
 i - 182 arrows
 k - 77 bolts
 s - 46 sling bullets
 w - 2 throwing nets (quivered)
Armour
 r - a +0 pair of gloves (worn)
 u - +0 steam dragon scales (worn)
 K - a +0 robe of cold resistance
Jewellery
 c - an uncursed ring of ice
 d - a +4 ring of dexterity (left hand)
 h - an amulet of faith (around neck)
 m - a +2 ring of intelligence (right hand)
 q - an uncursed ring of positive energy
 E - an uncursed ring of positive energy
 H - an uncursed amulet of harm {unknown}
 M - an uncursed amulet of the gourmand {unknown}
 P - a cursed amulet of guardian spirit {unknown}
 V - an uncursed amulet of harm {unknown}
Wands
 A - a wand of acid (6)
Scrolls
 e - 2 scrolls of fog
 l - 4 scrolls of fear
 n - 2 scrolls of enchant weapon
 p - a scroll of amnesia
 y - 2 scrolls of immolation
 z - a scroll of identify
 C - a scroll of magic mapping
 F - 4 scrolls of enchant armour
 G - a scroll of noise {unknown}
Potions
 f - 6 potions of curing
 j - a potion of brilliance {unknown}
 o - a potion of invisibility {unknown}
 x - 2 potions of might
 B - 3 potions of flight
 I - 3 potions of heal wounds
 J - a potion of agility {unknown}
 N - a potion of cancellation {unknown}
 O - a potion of resistance {unknown}
 Q - a potion of magic {unknown}
 T - a potion of ambrosia {unknown}
Comestibles
 g - 2 chunks of flesh
 v - 27 rations


   Skills:
 - Level 1.5 Long Blades
 - Level 1.4 Polearms
 - Level 1.7 Dodging
 - Level 2.4 Stealth
 - Level 8.0 Spellcasting
 - Level 6.0 Conjurations
 - Level 4.1 Charms
   Level 1.0 Summonings
 - Level 9.0 Necromancy
   Level 0.8 Translocations
 - Level 5.2 Fire Magic
 - Level 5.1 Air Magic
 * Level 6.3 Earth Magic
 - Level 6.0 Poison Magic


You had one spell level left.
You knew the following spells:

 Your Spells              Type           Power        Failure   Level  Hunger
a - Conjure Flame         Conj/Fire      ####....     2%          3    None
b - Borgnjor's Vile Clut  Necr/Erth      #####.....   10%         5    #####..
c - Magic Dart            Conj           ####         1%          1    None
d - Regeneration          Chrm/Necr      ####......   1%          3    None
e - Mephitic Cloud        Conj/Pois/Air  ####....     2%          3    None
f - Vampiric Draining     Necr           #####.....   1%          3    None
h - Dispel Undead         Necr           #####...     6%          5    #####..
z - Sublimation of Blood  Necr           #####.....   1%          2    None

Your spell library contained the following spells:

 Spells                   Type           Power        Failure   Level  Hunger
 Animate Skeleton         Necr           N/A          1%          1    None
 Pain                     Necr           ####         1%          1    None
 Corona                   Hex            #......      9%          1    None
 Animate Dead             Necr           N/A          1%          4    ###....
 Agony                    Necr           #####...     6%          5    #####..
 Dazzling Spray           Conj/Hex       ###...       8%          3    None
 Call Imp                 Summ           ##......     9%          2    None
 Ensorcelled Hibernation  Hex/Ice        #.....       13%         2    None
 Slow                     Hex            #.......     13%         2    None
 Confuse                  Hex            #.......     26%         3    None
 Tukima's Dance           Hex            #.......     26%         3    None
 Death Channel            Necr           #####.....   32%         6    ######.
 Simulacrum               Ice/Necr       ####......   90%         6    ######.
 Blink                    Tloc           Unusable     N/A         2    N/A

Dungeon Overview and Level Annotations

Branches:
Dungeon (11/15)            Temple (1/1) D:6             Orc (2/2) D:11
   Lair: D:8-11         Elf: Orc:2

Altars:
Ashenzari
Cheibriados
Dithmenos
Elyvilon
Fedhas
Gozag
Hepliaklqana
Kikubaaqudgha
Makhleb
Nemelex Xobeh
Okawaru
Qazlal
Ru
Sif Muna
Trog
Uskayaw
Vehumet
Wu Jian
Xom
Yredelemnul
Zin
The Shining One

Shops:
Orc:1 *

Annotations:
D:4 exclusion: angel


Innate Abilities, Weirdness & Mutations

You cannot be hasted, slowed, berserked, paralysed or teleported.
You can dig through walls and to a lower floor.
Your four strong arms can wield two-handed weapons with a shield.
You have a pair of large antennae on your head. (SInv)
You are dopey. (Int -2)
Your system is resistant to poisons. (rPois)


Message History

The orc warrior is engulfed in noxious fumes.
The orc warrior barely misses you.
You hear a shout!
You dig through the rock wall.
You are feeling hungry.
The orc warrior is engulfed in noxious fumes.
The orc warrior appears confused.
You kill the orc warrior!
Kikubaaqudgha accepts your kill.
Eat one of 3 chunks of flesh? (ye/n/q)
You eat one of the 3 chunks of flesh.
The orc warrior is engulfed in noxious fumes.
The orc warrior appears confused.
You retract your mandibles.
You hit the orc warrior. You burn the orc warrior.
The orc warrior is severely wounded.
The orc warrior hits you with a +0 short sword!!
You die...
Kikubaaqudgha rasps: "You have failed me!
Welcome... death!"

#########
#@o.))[)##
########.####
.## ##.#.######
...{#.$......#$
....{.......$...
{..$......o.....
..........{.#...
.#...........$..
#.<##......<...


You could see an orc warrior (confused).

Vanquished Creatures
  Harold (D:7)
  Erolcha (D:10)
  Erica (D:8)
  An orc sorcerer (Orc:2)
  An ugly thing (D:10)
  Psyche (D:11)
  A troll (Orc:1)
  A hornet (D:9)
  2 hippogriffs (D:10)
  A slime creature (D:10)
  A wyvern (D:10)
  4 hogs (D:8)
  A human (D:8)
  2 steam dragons
  2 hungry ghosts
  A warg (Orc:2)
  An acid dragon (D:10)
  3 phantoms
  7 sky beasts
  2 ice beasts
  9 orc warriors
  A hornet zombie (D:6)
  6 ogres
  2 centaurs (D:5)
  A crocodile (D:9)
  6 bullfrogs
  Blork the orc (D:5)
  A wyvern zombie (D:8)
  2 scorpions
  2 howler monkeys (D:8)
  3 crimson imps
  A bullfrog zombie (D:7)
  A centaur zombie (D:10)
  7 orc priests
  2 hounds
  2 jellies
  3 bullfrog skeletons
  14 orc wizards
  2 iguanas
  7 worker ants
  5 gnolls
  12 adders
  A shadow imp (D:5)
  4 oozes
  An adder zombie (D:8)
  An adder skeleton (D:6)
  2 worms
  5 dart slugs
  6 leopard geckos
  35 orcs
  9 bats
  5 giant cockroaches
  7 goblins
  5 hobgoblins
  10 jackals
  A quokka (D:5)
  5 frilled lizards
  8 kobolds
  15 rats
245 creatures vanquished.

Vanquished Creatures (others)
  A fungus (Orc:2)
1 creature vanquished.

Grand Total: 246 creatures vanquished

Notes
Turn   | Place    | Note
-------+----------+-------------------------------------------
     0 | D:1      | DildoBatman the Formicid Wizard began the quest for the
                  | Orb.
     0 | D:1      | Reached XP level 1. HP: 13/13 MP: 4/4
     7 | D:1      | Reached skill level 1 in Conjurations
   186 | D:1      | You fall through a shaft!
   350 | D:2      | Reached XP level 2. HP: 16/19 MP: 1/6
   541 | D:2      | Reached XP level 3. HP: 14/24 MP: 2/7
   546 | D:2      | Learned a level 3 spell: Conjure Flame
   550 | D:2      | Learned a level 3 spell: Mephitic Cloud
   891 | D:2      | Reached XP level 4. HP: 14/30 MP: 0/8
  1179 | D:2      | Found a blossoming altar of Fedhas.
  2307 | D:3      | Reached XP level 5. HP: 33/35 MP: 6/9
  3043 | D:3      | Reached XP level 6. HP: 41/41 MP: 4/10
  3178 | D:3      | Found a snail-covered altar of Cheibriados.
  3209 | D:3      | Reached skill level 5 in Conjurations
  3783 | D:4      | Found a radiant altar of Vehumet.
  3938 | D:4      | Found a glowing silver altar of Zin.
  3938 | D:4      | Noticed an angel
  4367 | D:4      | Reached XP level 7. HP: 38/46 MP: 7/11
  4472 | D:5      | Entered Level 5 of the Dungeon
  4621 | D:5      | Reached skill level 1 in Poison Magic
  4672 | D:5      | Found a basalt altar of Yredelemnul.
  4721 | D:6      | Reached skill level 1 in Fire Magic
  4808 | D:6      | Reached skill level 1 in Air Magic
  5173 | D:6      | Found an opulent altar of Gozag.
  5417 | D:6      | Found a staircase to the Ecumenical Temple.
  5426 | Temple   | Entered the Ecumenical Temple
  5523 | Temple   | Became a worshipper of Kikubaaqudgha
  5707 | D:6      | Reached XP level 8. HP: 44/52 MP: 4/12
  6050 | D:5      | Reached skill level 5 in Poison Magic
  6104 | D:5      | Reached * piety under Kikubaaqudgha
  6104 | D:5      | Identified Kikubaaqudgha's Papyrus of Unholy Rituals
                  | (Kikubaaqudgha gifted it to you on level 5 of the Dungeon)
  6104 | D:5      | Received a gift from Kikubaaqudgha
  6132 | D:5      | Learned a level 3 spell: Vampiric Draining
  6135 | D:5      | Learned a level 2 spell: Sublimation of Blood
  6322 | D:5      | Noticed Blork the orc
  6354 | D:5      | Killed Blork the orc
  6424 | D:5      | Reached XP level 9. HP: 32/57 MP: 7/13
  6600 | D:7      | Noticed Harold
  6739 | D:7      | Reached skill level 5 in Fire Magic
  6782 | D:7      | Found an iron altar of Okawaru.
  6886 | D:7      | Reached skill level 5 in Air Magic
  7059 | D:7      | Reached ** piety under Kikubaaqudgha
  7363 | D:7      | Killed Harold
  7363 | D:7      | Reached XP level 10. HP: 22/63 MP: 2/20
  7486 | D:7      | Reached skill level 1 in Necromancy
  7651 | D:8      | Found a sacrificial altar of Ru.
  7679 | D:8      | Reached skill level 1 in Polearms
  7679 | D:8      | Reached skill level 2 in Necromancy
  7747 | D:8      | Reached skill level 3 in Necromancy
  7833 | D:8      | Reached skill level 4 in Necromancy
  8002 | D:8      | Noticed Erica
  8104 | D:8      | Killed Erica
  8104 | D:8      | Reached skill level 6 in Necromancy
  8526 | D:8      | Reached skill level 7 in Necromancy
  8857 | D:9      | Reached *** piety under Kikubaaqudgha
  8857 | D:9      | Identified Kikubaaqudgha's Almanac of Black Arts
                  | (Kikubaaqudgha gifted it to you on level 9 of the Dungeon)
  8857 | D:9      | Received a gift from Kikubaaqudgha
  8865 | D:9      | Learned a level 5 spell: Dispel Undead
  8871 | D:9      | Learned a level 5 spell: Borgnjor's Vile Clutch
  8976 | D:9      | Reached skill level 1 in Long Blades
  8976 | D:9      | Reached skill level 8 in Necromancy
  8976 | D:9      | Reached XP level 11. HP: 13/68 MP: 12/21
  9170 | D:9      | Found an iron altar of Okawaru.
  9481 | D:9      | Got a jewelled flail
  9549 | D:9      | Identified the cursed +0 flail of Big Damage {freeze, +Rage
                  | Dex+4} (You found it on level 9 of the Dungeon)
  9551 | D:10     | Entered Level 10 of the Dungeon
  9591 | D:10     | Noticed Erolcha
  9609 | D:10     | Killed Erolcha
  9698 | D:10     | Reached skill level 9 in Necromancy
  9701 | D:10     | Reached skill level 1 in Earth Magic
  9799 | D:10     | Noticed a white ugly thing
  9821 | D:10     | Killed a white ugly thing
  9826 | D:10     | Learned a level 3 spell: Regeneration
  9966 | D:10     | Reached skill level 1 in Charms
 10197 | D:11     | Found a staircase to the Orcish Mines.
 10197 | D:11     | Noticed Psyche
 10206 | D:11     | Killed Psyche
 10221 | Orc:1    | Entered Level 1 of the Orcish Mines
 10267 | Orc:1    | Reached **** piety under Kikubaaqudgha
 10345 | Orc:1    | Reached skill level 5 in Earth Magic
 10438 | Orc:1    | Found Fotasush's General Store.
 10509 | Orc:1    | Bought a potion of degeneration for 14 gold pieces
 10514 | Orc:1    | Gained mutation: You are dopey. (Int -2) [potion of
                  | mutation]
 10514 | Orc:1    | Gained mutation: Your system is resistant to poisons.
                  | (rPois) [potion of mutation]
 10762 | Orc:2    | Entered Level 2 of the Orcish Mines
 10762 | Orc:2    | Noticed an orc knight
 10763 | Orc:2    | Noticed an orc knight
 10833 | Orc:2    | Noticed an orc sorcerer
 10846 | Orc:2    | Killed an orc sorcerer
 10859 | Orc:2    | Slain by an orc warrior

Skill      XL: |  1  2  3  4  5  6  7  8  9 10 11 |
---------------+----------------------------------+-----
Conjurations   | 1 2 3 4 6 |  6.0
Poison Magic   | 3 6 |  6.0
Fire Magic     | 2 4 5 |  5.2
Air Magic      | 2 3 5 |  5.1
Spellcasting   | 6 7 8 |  8.0
Necromancy     | 8 9 |  9.0
Polearms       | 1 |  1.4
Long Blades    | 1 |  1.5
Earth Magic    | 6 |  6.3
Charms         | 4 |  4.1
Dodging        | |  1.7
Stealth        | |  2.4
Summonings     | |  1.0
Translocations | |  0.8

Action                   |  1- 3 |  4- 6 |  7- 9 | 10-12 || total
-------------------------+-------+-------+-------+-------++-------
Melee: Unarmed           |     1 |       |       |       ||     1
       Short sword       |     7 |     1 |       |       ||     8
       Spear             |       |    82 |       |       ||    82
       Trident           |       |       |    55 |    54 ||   109
       Mace              |       |       |    86 |    31 ||   117
       Scimitar          |       |       |       |   103 ||   103
       Flail             |       |       |       |    19 ||    19
 Cast: Magic Dart        |    53 |   166 |    40 |    78 ||   337
       Mephitic Cloud    |       |     6 |    23 |    41 ||    70
       Conjure Flame     |       |     1 |    25 |    30 ||    56
       Vampiric Draining |       |       |       |     5 ||     5
       Regeneration      |       |       |       |    16 ||    16
       Borgnjor's Vile C |       |       |       |    12 ||    12
       Sublimation of Bl |       |       |       |    10 ||    10
       Dispel Undead     |       |       |       |     1 ||     1
 Abil: Dig               |       |     1 |     8 |    10 ||    19
Evoke: Wand              |       |       |     2 |     4 ||     6
  Use: Scroll            |       |     1 |     8 |     8 ||    17
       Potion            |       |       |       |     3 ||     3
 Stab: Confused          |       |     6 |     3 |    11 ||    20
       Distracted        |       |       |     1 |       ||     1
  Eat: Chunk             |       |    11 |    13 |    19 ||    43
Armor: Robe              |     7 |    12 |     8 |     6 ||    33
       Steam dragon scal |       |       |       |    24 ||    24
Dodge: Dodged            |    16 |    59 |    71 |    88 ||   234
       Rpst.: Scimitar   |       |       |       |    20 ||    20
